| TOP OF THE 1ST |
|
Seattle Mariners batting - Pitching for Boston Red Sox : RHP Justin Whitesack
|
|
Pitching: RHP Justin Whitesack
|
|
|
Batting: LHB Dae-ik Yoon
|
0-0: Called Strike 0-1: Hit by Pitch
|
|
Batting: SHB Robbie Rogers
|
0-0: Fly out, F8 (Flyball, 8LM, EV 90.6 MPH)
|
|
Batting: SHB Floyd-William Goof
|
0-0: Called Strike 0-1: Ball 1-1: Foul Ball, location: 2F 1-2: Ball 2-2: Grounds out, U3 (Groundball, 3L, EV 108.1 MPH)
|
|
Batting: RHB Steve Jordan
|
0-0: Called Strike 0-1: Ball 1-1: Ball 2-1: Foul Ball, location: 2F 2-2: Ball 3-2: Base on Balls
|
|
Batting: RHB Pavpv Ivanushkin
|
0-0: Ball 1-0: Ball 2-0: Ball 3-0: Base on Balls Dae-ik Yoon to third Steve Jordan to second
|
|
Batting: RHB Harutomi Matsubara
|
0-0: Ball 1-0: Ball 2-0: Ball 3-0: Base on Balls Dae-ik Yoon scores Steve Jordan to third Pavpv Ivanushkin to second
|
|
Batting: RHB Corey Ottinger
|
0-0: Ball 1-0: Ball 2-0: Called Strike 2-1: Swinging Strike 2-2: Ball 3-2: Strikes out swinging
|
| Top of the 1st over - 1 run, 0 hits, 0 errors, 3 left on base; Seattle 1 - Boston 0 |
| BOTTOM OF THE 1ST |
|
Boston Red Sox batting - Pitching for Seattle Mariners : RHP Tom Graham
|
|
Pitching: RHP Tom Graham
|
|
|
Batting: RHB Cesar Breceda
|
0-0: Ball 1-0: Ball 2-0: Foul Ball, location: 2F 2-1: Ball 3-1: Base on Balls
|
|
Batting: RHB Nick Esteves
|
0-0: Called Strike 0-1: Ball 1-1: Called Strike 1-2: Ball 2-2: Strikes out swinging
|
|
Batting: LHB Jarrett Mordecai
|
0-0: Called Strike 0-1: Fly out, F9 (Flyball, 89D, EV 106.2 MPH)
|
|
Batting: SHB Marvin Lawrence
|
0-0: Ground out U3 (Groundball, 3S, EV 66.2 MPH)
|
| Bottom of the 1st over - 0 runs, 0 hits, 0 errors, 1 left on base; Seattle 1 - Boston 0 |
| TOP OF THE 2ND |
|
Seattle Mariners batting - Pitching for Boston Red Sox : RHP Justin Whitesack
|
|
Batting: LHB Jerrod Cluck
|
0-0: Called Strike 0-1: Called Strike 0-2: Ball 1-2: Ground out 6-3 (Groundball, 6, EV 83.1 MPH)
|
|
Batting: RHB Young-kwang Ohnn
|
0-0: Called Strike 0-1: Ball 1-1: SINGLE (Line Drive, 89S, EV 88.8 MPH)
|
|
Batting: LHB Dae-ik Yoon
|
0-0: Foul Ball, location: 2F 0-1: Swinging Strike 0-2: Foul Ball, location: 2F 0-2: Foul Ball, location: 2F 0-2: Fly out, F9 (Line Drive, 89M, EV 91.2 MPH)
|
|
Batting: SHB Robbie Rogers
|
0-0: Ground out 4-3 (Groundball, 34S, EV 87.5 MPH)
|
| Top of the 2nd over - 0 runs, 1 hit, 0 errors, 1 left on base; Seattle 1 - Boston 0 |
| BOTTOM OF THE 2ND |
|
Boston Red Sox batting - Pitching for Seattle Mariners : RHP Tom Graham
|
|
Batting: RHB Jose Diaz
|
0-0: Foul Ball, location: 2F 0-1: Called Strike 0-2: Ball 1-2: Foul Ball, location: 2F 1-2: Ball 2-2: Ground out 5-3 (Groundball, 56S, EV 66.2 MPH)
|
|
Batting: RHB Roberto Morales
|
0-0: Ball 1-0: DOUBLE (Line Drive, 89D, EV 110.0 MPH)
|
|
Batting: LHB Tim Fuller
|
0-0: Ball 1-0: Ball 2-0: DOUBLE (Line Drive, 9LS, EV 104.4 MPH) Roberto Morales scores
|
|
Batting: RHB Sam Saunders
|
0-0: Ball 1-0: Called Strike 1-1: Ball 2-1: Swinging Strike 2-2: Ground out 6-3 (Groundball, 6, EV 93.8 MPH) Tim Fuller to third
|
|
Batting: SHB Willie Koviak
|
0-0: Called Strike 0-1: Foul Ball, location: 2F 0-2: Foul Ball, location: 2F 0-2: Ball 1-2: Ball 2-2: Ground out 4-3 (Groundball, 4, EV 88.8 MPH)
|
| Bottom of the 2nd over - 1 run, 2 hits, 0 errors, 1 left on base; Seattle 1 - Boston 1 |
| TOP OF THE 3RD |
|
Seattle Mariners batting - Pitching for Boston Red Sox : RHP Justin Whitesack
|
|
Pitching: LHP Adam Schneidewind
|
|
|
Batting: SHB Floyd-William Goof
|
0-0: Ball 1-0: Ball 2-0: Ball 3-0: Called Strike 3-1: SINGLE (Line Drive, 4MD, EV 110.6 MPH)
|
|
Batting: RHB Steve Jordan
|
0-0: Ball 1-0: Called Strike 1-1: Ball 2-1: Swinging Strike 2-2: Foul Ball, location: 2F 2-2: Strikes out swinging
|
|
Batting: RHB Pavpv Ivanushkin
|
0-0: Ball 1-0: Foul Ball, location: 2F 1-1: Fly out, F8 (Line Drive, 8RM, EV 106.9 MPH)
|
|
Batting: RHB Harutomi Matsubara
|
0-0: Called Strike Floyd-William Goof is caught stealing 2nd base 2-4
|
| Top of the 3rd over - 0 runs, 1 hit, 0 errors, 0 left on base; Seattle 1 - Boston 1 |
| BOTTOM OF THE 3RD |
|
Boston Red Sox batting - Pitching for Seattle Mariners : RHP Tom Graham
|
|
Batting: RHB Cesar Breceda
|
0-0: Ball 1-0: SINGLE (Groundball, 4MD, EV 98.1 MPH)
|
|
Batting: RHB Nick Esteves
|
0-0: Ball 1-0: Called Strike Cesar Breceda is caught stealing 2nd base 2-4 1-1: Ball 2-1: Ball 3-1: Base on Balls
|
|
Pitching: RHP Justin Lee
|
|
|
Batting: LHB Jarrett Mordecai
|
0-0: Ball 1-0: Ball 2-0: Called Strike 2-1: Foul Ball, location: 2F 2-2: SINGLE (Line Drive, 7S, EV 93.1 MPH) Nick Esteves to second
|
|
Batting: SHB Marvin Lawrence
|
0-0: Ball 1-0: Called Strike 1-1: Ball 2-1: Swinging Strike 2-2: Foul Ball, location: 2F 2-2: Strikes out swinging
|
|
Batting: RHB Jose Diaz
|
0-0: Called Strike 0-1: Ball 1-1: Called Strike 1-2: Strikes out swinging
|
| Bottom of the 3rd over - 0 runs, 2 hits, 0 errors, 2 left on base; Seattle 1 - Boston 1 |
| TOP OF THE 4TH |
|
Seattle Mariners batting - Pitching for Boston Red Sox : LHP Adam Schneidewind
|
|
Pitching: RHP Jon Mercado
|
|
|
Batting: RHB Harutomi Matsubara
|
0-0: Ball 1-0: Foul Ball, location: 2F 1-1: Ball 2-1: Foul Ball, location: 2F 2-2: Foul Ball, location: 2F 2-2: Ground out 4-3 (Groundball, 4, EV 102.5 MPH)
|
|
Batting: RHB Corey Ottinger
|
0-0: Ball 1-0: Ball 2-0: Ball 3-0: Base on Balls
|
|
Batting: LHB Jerrod Cluck
|
0-0: Fly out, F8 (Flyball, 8LXD, EV 104.4 MPH)
|
|
Batting: RHB Young-kwang Ohnn
|
0-0: Called Strike 0-1: Foul Ball, location: 2F 0-2: Ball 1-2: Ball 2-2: Foul Ball, location: 2F 2-2: Strikes out looking
|
| Top of the 4th over - 0 runs, 0 hits, 0 errors, 1 left on base; Seattle 1 - Boston 1 |
| BOTTOM OF THE 4TH |
|
Boston Red Sox batting - Pitching for Seattle Mariners : RHP Justin Lee
|
|
Batting: RHB Roberto Morales
|
0-0: Ball 1-0: Ground out U3 (Groundball, 34, EV 106.2 MPH)
|
|
Batting: LHB Tim Fuller
|
0-0: Ball 1-0: Ball 2-0: Called Strike 2-1: Ball 3-1: Base on Balls
|
|
Batting: RHB Sam Saunders
|
0-0: Ball 1-0: Foul Ball, location: 2F 1-1: Ball 2-1: Grounds into double play, 6-4-3 (Groundball, 6, EV 85.0 MPH)
|
| Bottom of the 4th over - 0 runs, 0 hits, 0 errors, 0 left on base; Seattle 1 - Boston 1 |
| TOP OF THE 5TH |
|
Seattle Mariners batting - Pitching for Boston Red Sox : RHP Jon Mercado
|
|
Pitching: RHP Billy Fitzgerald
|
|
|
Now in CF: John Chiesa
|
|
|
Pinch Hitting: RHB Hideo Okimura
|
0-0: Ball 1-0: Called Strike 1-1: Ball 2-1: Ground out 1-3 (Groundball, 13S, EV 61.9 MPH)
|
|
Batting: LHB Ryan Lowe
|
0-0: Foul Ball, location: 2F 0-1: Foul Ball, location: 2F 0-2: Strikes out looking
|
|
Batting: SHB Floyd-William Goof
|
0-0: Ball 1-0: Ball 2-0: Foul Ball, location: 2F 2-1: Swinging Strike 2-2: Foul Ball, location: 2F 2-2: SINGLE (Flyball, 4MD, EV 87.5 MPH)
|
|
Pinch Hitting: LHB Josh Pittman
|
0-0: Fly out, F8 (Flyball, 8RM, EV 82.5 MPH)
|
| Top of the 5th over - 0 runs, 1 hit, 0 errors, 1 left on base; Seattle 1 - Boston 1 |
| BOTTOM OF THE 5TH |
|
Boston Red Sox batting - Pitching for Seattle Mariners : RHP Justin Lee
|
|
Now at 1B: Leon Alders
|
|
|
Now at 2B: Malik Brookshire
|
|
|
Now in LF: Josh Pittman
|
|
|
Now in CF: Jose Vasquez
|
|
|
Now in RF: Jerrod Cluck
|
|
|
Batting: SHB Willie Koviak
|
0-0: Called Strike 0-1: Ball 1-1: Foul Ball, location: 2F 1-2: Ball 2-2: Foul Ball, location: 2F 2-2: Fly out, F8 (Line Drive, 8LD, EV 89.4 MPH)
|
|
Batting: RHB Cesar Breceda
|
0-0: Called Strike 0-1: Ball 1-1: Foul Ball, location: 2F 1-2: Strikes out swinging
|
|
Pinch Hitting: LHB Shoichi Aso
|
0-0: Ball 1-0: Called Strike 1-1: Fly out, F9 (Flyball, 9, EV 93.8 MPH)
|
| Bottom of the 5th over - 0 runs, 0 hits, 0 errors, 0 left on base; Seattle 1 - Boston 1 |
| TOP OF THE 6TH |
|
Seattle Mariners batting - Pitching for Boston Red Sox : RHP Billy Fitzgerald
|
|
Pitching: RHP Jaime Dunning
|
|
|
Now in CF: Shoichi Aso
|
|
|
Batting: RHB Jose Vasquez
|
0-0: Ground out 5-3 (Groundball, 5S, EV 67.5 MPH)
|
|
Batting: RHB Harutomi Matsubara
|
0-0: Called Strike 0-1: Foul Ball, location: 2F 0-2: Ball 1-2: Ball 2-2: Strikes out swinging
|
|
Pinch Hitting: RHB Jimmy Hammertime
|
0-0: Hit by Pitch
|
|
Batting: LHB Jerrod Cluck
|
0-0: Ball 1-0: Called Strike 1-1: Foul Ball, location: 2F 1-2: Foul Ball, location: 2F 1-2: Strikes out swinging
|
| Top of the 6th over - 0 runs, 0 hits, 0 errors, 1 left on base; Seattle 1 - Boston 1 |
| BOTTOM OF THE 6TH |
|
Boston Red Sox batting - Pitching for Seattle Mariners : RHP Justin Lee
|
|
Pitching: RHP Jake Underhill
|
|
|
Now at 3B: Jimmy Hammertime
|
|
|
Now at SS: Bill Vives
|
|
|
Pinch Hitting: RHB David Price Jr.
|
0-0: Called Strike 0-1: Fly out, F4 (Popup, 4, EV 80.6 MPH)
|
|
Pinch Hitting: SHB Ben Ervin
|
0-0: Called Strike 0-1: Ball 1-1: Ball 2-1: Fly out, F8 (Flyball, 8LM, EV 90.6 MPH)
|
|
Batting: RHB Jose Diaz
|
0-0: SINGLE (Groundball, 56D, EV 95.6 MPH)
|
|
Batting: LHB Kevin McCormic Jr.
|
0-0: Called Strike 0-1: Ball 1-1: Called Strike 1-2: Strikes out swinging
|
| Bottom of the 6th over - 0 runs, 1 hit, 0 errors, 1 left on base; Seattle 1 - Boston 1 |
| TOP OF THE 7TH |
|
Seattle Mariners batting - Pitching for Boston Red Sox : RHP Jaime Dunning
|
|
Pitching: RHP Elijah Daniels
|
|
|
Now at 1B: Ben Ervin
|
|
|
Now in LF: David Price Jr.
|
|
|
Batting: RHB Young-kwang Ohnn
|
0-0: Ball 1-0: Foul Ball, location: 2F 1-1: Called Strike 1-2: SINGLE (Flyball, 34D, EV 93.8 MPH)
|
|
Batting: RHB Leon Alders
|
0-0: Ball Young-kwang Ohnn is caught stealing 2nd base 2-4 1-0: Ball 2-0: Foul Ball, location: 2F 2-1: Ball 3-1: Fly out, F9 (Line Drive, 89S, EV 93.1 MPH)
|
|
Batting: LHB Ryan Lowe
|
0-0: Ball 1-0: Foul Ball, location: 2F 1-1: Called Strike 1-2: Ball 2-2: SOLO HOME RUN (Flyball, 9LD, EV 90.0 MPH), Distance : 338 ft
|
|
Batting: RHB Malik Brookshire
|
0-0: Ball 1-0: Ball 2-0: Ball 3-0: Called Strike 3-1: Foul Ball, location: 2F 3-2: Ground out 5-3 (Groundball, 5, EV 79.4 MPH)
|
| Top of the 7th over - 1 run, 2 hits, 0 errors, 0 left on base; Seattle 2 - Boston 1 |
| BOTTOM OF THE 7TH |
|
Boston Red Sox batting - Pitching for Seattle Mariners : RHP Jake Underhill
|
|
Pitching: RHP William de Jesus
|
|
|
Pinch Hitting: RHB Alois Wollf
|
0-0: Ground out 5-3 (Groundball, 56, EV 85.6 MPH)
|
|
Batting: RHB Sam Saunders
|
0-0: Called Strike 0-1: Ball 1-1: Called Strike 1-2: Ground out 6-3 (Groundball, 56, EV 106.2 MPH)
|
|
Pinch Hitting: RHB Itsuo Egami
|
0-0: Ball 1-0: Ball 2-0: Foul Ball, location: 2F 2-1: Foul Ball, location: 2F 2-2: Fly out, F4 (Line Drive, 4, EV 69.4 MPH)
|
| Bottom of the 7th over - 0 runs, 0 hits, 0 errors, 0 left on base; Seattle 2 - Boston 1 |
| TOP OF THE 8TH |
|
Seattle Mariners batting - Pitching for Boston Red Sox : RHP Elijah Daniels
|
|
Pitching: RHP Danny Klomp
|
|
|
Now at 2B: Itsuo Egami
|
|
|
Now at SS: Alois Wollf
|
|
|
Batting: LHB Josh Pittman
|
0-0: Called Strike 0-1: Called Strike 0-2: Foul Ball, location: 2F 0-2: Ball 1-2: Ball 2-2: Foul Ball, location: 2F 2-2: Foul Ball, location: 2F 2-2: Strikes out swinging
|
|
Batting: RHB Jose Vasquez
|
0-0: Called Strike 0-1: Foul Ball, location: 2F 0-2: Foul Ball, location: 2F 0-2: Foul Ball, location: 2F 0-2: SOLO HOME RUN (Flyball, 89XD, EV 115.0 MPH), Distance : 430 ft
|
|
Batting: RHB Bill Vives
|
0-0: Foul Ball, location: 2F 0-1: Called Strike 0-2: Ball 1-2: Foul Ball, location: 2F 1-2: Ball 2-2: Strikes out looking
|
|
Batting: RHB Jimmy Hammertime
|
0-0: Called Strike 0-1: Ball 1-1: SOLO HOME RUN (Flyball, 7D, EV 105.6 MPH), Distance : 403 ft
|
|
Batting: LHB Jerrod Cluck
|
0-0: Ball 1-0: Ground out 6-3 (Groundball, 6M, EV 111.9 MPH)
|
| Top of the 8th over - 2 runs, 2 hits, 0 errors, 0 left on base; Seattle 4 - Boston 1 |
| BOTTOM OF THE 8TH |
|
Boston Red Sox batting - Pitching for Seattle Mariners : RHP William de Jesus
|
|
Batting: RHB Cesar Breceda
|
0-0: Ball 1-0: Ground out 1-3 (Groundball, P, EV 68.1 MPH)
|
|
Batting: LHB Shoichi Aso
|
0-0: Called Strike 0-1: Ball 1-1: Swinging Strike 1-2: Ball 2-2: DOUBLE (Groundball, 3L, EV 100.0 MPH)
|
|
Batting: RHB David Price Jr.
|
0-0: Foul Ball, location: 2F 0-1: Ball 1-1: Foul Ball, location: 2F 1-2: Foul Ball, location: 2F 1-2: Foul Ball, location: 2F 1-2: Fly out, F9 (Flyball, 9S, EV 79.4 MPH)
|
|
Batting: SHB Ben Ervin
|
0-0: Ball 1-0: Foul Ball, location: 2F 1-1: Swinging Strike 1-2: Ball 2-2: Strikes out swinging
|
| Bottom of the 8th over - 0 runs, 1 hit, 0 errors, 1 left on base; Seattle 4 - Boston 1 |
| TOP OF THE 9TH |
|
Seattle Mariners batting - Pitching for Boston Red Sox : RHP Danny Klomp
|
|
Pitching: RHP Steve Capizzi
|
|
|
Pinch Hitting: RHB Tony Vargas
|
0-0: Foul Ball, location: 2F 0-1: Ball 1-1: Swinging Strike 1-2: Strikes out swinging
|
|
Batting: RHB Leon Alders
|
0-0: Swinging Strike 0-1: Ball 1-1: Ground out 6-3 (Groundball, 6M, EV 81.2 MPH)
|
|
Batting: LHB Ryan Lowe
|
0-0: Called Strike 0-1: Called Strike 0-2: Strikes out looking
|
| Top of the 9th over - 0 runs, 0 hits, 0 errors, 0 left on base; Seattle 4 - Boston 1 |
| BOTTOM OF THE 9TH |
|
Boston Red Sox batting - Pitching for Seattle Mariners : RHP William de Jesus
|
|
Pitching: RHP Dwain Ashford
|
|
|
Now at C: Tony Vargas
|
|
|
Pinch Hitting: SHB Greg Shaw
|
0-0: Swinging Strike 0-1: Foul Ball, location: 2F 0-2: Ball 1-2: Ball 2-2: Ball 3-2: Fly out, F4 (Line Drive, 34D, EV 68.1 MPH)
|
|
Batting: LHB Kevin McCormic Jr.
|
0-0: Called Strike 0-1: Foul Ball, location: 2F 0-2: Strikes out looking
|
|
Batting: RHB Alois Wollf
|
0-0: SINGLE (Groundball, 56D, EV 103.1 MPH) (infield hit)
|
|
Batting: RHB Sam Saunders
|
0-0: Ball 1-0: Foul Ball, location: 2F 1-1: Foul Ball, location: 2F 1-2: Ball 2-2: Foul Ball, location: 2F 2-2: Ball 3-2: Base on Balls Alois Wollf to second
|
|
Batting: RHB Itsuo Egami
|
0-0: Ball 1-0: Called Strike 1-1: Ball 2-1: Swinging Strike 2-2: Fielders Choice at 2nd, 5-4 (Groundball, 56, EV 85.0 MPH)
|
| Bottom of the 9th over - 0 runs, 1 hit, 0 errors, 2 left on base; Seattle 4 - Boston 1 |
|